 Dungeon Crawl Stone Soup version 0.28-a0-429-g1448048969 (webtiles) character file.

Game seed: 8488278265677149222

504 mg7810 the Caller (level 7, 0/50 HPs)
             Began as a Hill Orc Summoner on Sept 10, 2021.
             Was an Initiate of Hepliaklqana.
             Succumbed to an adder's poison
             ... on level 6 of the Dungeon on Sept 11, 2021.
             The game lasted 00:25:33 (6063 turns).

mg7810 the Caller (Hill Orc Summoner)               Turns: 6063, Time: 00:25:33

Health: 0/50       AC:  4    Str: 11    XL:     7   Next: 17%
Magic:  1/12       EV: 12    Int: 17    God:    Hepliaklqana [......]
Gold:   167        SH:  0    Dex: 11    Spells: 4/13 levels left

rFire   . . .      SeeInvis .   (no weapon)
rCold   . . .      Faith    .   (no shield)
rNeg    . . .      Spirit   .   a - +1 robe
rPois   .          Reflect  .   (no helmet)
rElec   .          Harm     .   (no cloak)
rCorr   .          Rampage  .   b - +0 pair of gloves
Will    .....                   (no boots)
Stlth   ++........              (no amulet)
HPRegen 0.16/turn               (no ring)
MPRegen 0.13/turn               (no ring)

@: brilliant, lethally poisoned (0 -> -2), hasted, very quick
A: no striking features
a: Renounce Religion


You were on level 6 of the Dungeon.
You worshipped Hepliaklqana.
Hepliaklqana was noncommittal.
You visited 1 branch of the dungeon, and saw 6 of its levels.

You collected 167 gold pieces.

Inventory:

Missiles
 c - 31 poisoned darts (quivered)
 e - 5 javelins
Armour
 a - a +1 robe (worn)
 b - a +0 pair of gloves (worn)
Jewellery
 d - a ring of protection from cold
Scrolls
 g - a scroll of noise
 h - 2 scrolls of identify
 j - a scroll of fog {unknown}
Potions
 f - 2 potions of flight


   Skills:
 + Level 0.1 Fighting
 + Level 1.4 Throwing
 * Level 2.0 Dodging
 + Level 1.9 Stealth
 + Level 3.5 Spellcasting
 * Level 1.9 Hexes
 + Level 6.0 Summonings
 * Level 1.4 Invocations


You had 4 spell levels left.
You knew the following spells:

 Your Spells              Type           Power      Damage    Failure   Level
a - Summon Small Mammal   Summ           100%       N/A       1%          1
b - Call Imp              Summ           35%        N/A       1%          2
c - Call Canine Familiar  Summ           35%        N/A       4%          3
d - Summon Guardian Gole  Hex/Summ       24%        N/A       10%         3

Your spell library contained the following spells:

 Spells                   Type           Power      Damage    Failure   Level
 Slow                     Hex            14%        N/A       12%         2
 Sandblast                Erth           8%         2d5       17%         1
 Confusing Touch          Hex            14%        N/A       22%         3
 Passwall                 Tmut/Erth      3%         N/A       26%         2
 Summon Lightning Spire   Summ/Air       19%        N/A       43%         4
 Stone Arrow              Conj/Erth      8%         3d7       45%         3
 Yara's Violent Unravell  Hex/Tmut       4%         3d4       97%         5


Dungeon Overview and Level Annotations

Branches:
Dungeon (6/15)
 Temple: D:4-7

Altars:
Hepliaklqana
Qazlal
Sif Muna
Vehumet

Annotations:
D:4 Grinder
D:5 Sigmund


Message History

Something closely misses your crimson imp.
There is an open door here.
The adder barely misses your crimson imp.
Your crimson imp blinks!
Your crimson imp barely misses the adder.
Your crimson imp closely misses the adder.
Your crimson imp blinks!
Your crimson imp blinks!
Your crimson imp blinks!
The adder closely misses you.
Your quokka bites the adder but does no damage.
Your quokka bites the adder.
Casting: Call Imp (safe; 2% risk of failure)
Confirm with . or Enter, or press ? or * to list all spells.
A beastly little devil appears in a puff of flame.
The adder bites you.
* * * LOW HITPOINT WARNING * * *
You are lethally poisoned!
The adder poisons you!
You swap places.
* * * LOW HITPOINT WARNING * * *
You feel sick.
Your quokka closely misses the adder.
The adder barely misses your crimson imp.
It was a potion of brilliance.
You feel clever all of a sudden.
* * * LOW HITPOINT WARNING * * *
You feel sick.
Your quokka barely misses the adder.
Your crimson imp closely misses the adder.
Unknown command.
Your quokka disappears in a puff of smoke!
The adder completely misses your crimson imp.
Your crimson imp hits the adder.
The adder dies!
* * * LOW HITPOINT WARNING * * *
You feel sick.
* * * LOW HITPOINT WARNING * * *
You feel sick.
* * * LOW HITPOINT WARNING * * *
You feel sick.
You die...

### #.... #.... #...
#... # ######.#####.#
.........@...#.
###########5........#
#.......†....########
#............#
#............#
#............#
#........[...#
#............+
#............####


You could see a friendly crimson imp (summoned).

Vanquished Creatures
  A gnoll (D:3)
  A goblin (D:1)
  A hobgoblin (D:1)
  A bat (D:1)
4 creatures vanquished.

Vanquished Creatures (collateral kills)
  An ogre (D:4)
  A howler monkey (D:3)
  A hound (D:5)
  Natasha (twice) (D:4)
  A hound skeleton (D:4)
  2 gnolls (D:3)
  A howler monkey skeleton (D:2)
  5 adders
  3 worms (D:2)
  2 dart slugs
  3 orcs
  7 endoplasms
  3 giant cockroaches
  9 goblins
  5 hobgoblins
  5 jackals
  3 quokkas
  2 ball pythons
  7 bats
  6 frilled lizards
  6 kobolds
  2 rats
77 creatures vanquished.

Vanquished Creatures (others)
  2 killer bees
  Natasha (D:4)
  A gnoll (D:3)
  A bat (D:3)
  A hobgoblin (D:3)
  A quokka (D:4)
7 creatures vanquished.

Grand Total: 88 creatures vanquished

Notes
Turn   | Place    | Note
-------+----------+-------------------------------------------
     0 | D:1      | mg7810 the Hill Orc Summoner began the quest for the Orb.
     0 | D:1      | Reached XP level 1. HP: 14/14 MP: 3/3
   304 | D:1      | Reached XP level 2. HP: 17/20 MP: 4/4
   325 | D:1      | Learned a level 2 spell: Call Imp
   949 | D:1      | Reached XP level 3. HP: 22/26 MP: 2/5
  1167 | D:2      | Learned a level 3 spell: Call Canine Familiar
  1736 | D:2      | Reached skill level 1 in Throwing
  1736 | D:2      | Reached XP level 4. HP: 33/33 MP: 4/7
  2796 | D:3      | Reached XP level 5. HP: 38/38 MP: 4/9
  2829 | D:3      | Reached skill level 5 in Summonings
  2916 | D:3      | Learned a level 3 spell: Summon Guardian Golem
  3147 | D:3      | HP: 1/38 [gnoll (6)]
  3724 | D:3      | Found a shimmering blue altar of Sif Muna.
  3754 | D:3      | Found a stormy altar of Qazlal.
  3866 | D:3      | Found a radiant altar of Vehumet.
  4083 | D:3      | Found a hazy altar of Hepliaklqana.
  4085 | D:3      | Found a faded altar of an unknown god.
  4091 | D:3      | Became a worshipper of Hepliaklqana the Forgotten
  4693 | D:4      | Noticed Natasha
  4698 | D:4      | Noticed Grinder
  4704 | D:4      | Reached skill level 1 in Hexes
  4740 | D:4      | Killed Natasha
  4741 | D:4      | Reached XP level 6. HP: 29/45 MP: 0/10
  4984 | D:4      | Reached skill level 1 in Invocations
  5043 | D:4      | Noticed Natasha
  5062 | D:4      | Killed Natasha
  5106 | D:4      | Noticed Natasha
  5127 | D:4      | Killed Natasha
  5682 | D:5      | Entered Level 5 of the Dungeon
  5684 | D:5      | Noticed Sigmund
  5888 | D:4      | Reached skill level 6 in Summonings
  5888 | D:4      | Reached XP level 7. HP: 37/50 MP: 6/12
  6060 | D:6      | HP: 2/50 [poisoned by an adder]
  6063 | D:6      | Succumbed to an adder's poison

Illustrated notes

Levels and vault maps discovered:
D:1:      sevenhm_arrival_forest_fort_small_4, layout_loops_ring,
          minmay_split_cup_small
D:2:      layout_basic, minmay_tetromino_l4
D:3:      layout_loops_ring, beargit_hepliaklqana_dungeon_heroes,
          fiery_altar_vehumet, marbit_many_paths, led_sif_pool,
          hangedman_decor_slide_cut, grunt_decor_mini_mirrors, minmay_vboxes
D:4:      layout_loops_ring, uniq_grinder, uniq_natasha
D:5:      wander_river, layout_cave_pools, serial_bayou, serial_bayou_pond_e,
          serial_bayou_lagoon_b, serial_bayou_pond_a, serial_bayou_pond_d,
          uniq_menkaure, uniq_sigmund
D:6:      layout_basic, grunt_temple_overflow_open,
          ebering_ghost_reflecting_pool, uniq_crazy_yiuf_cottage

Skill      XL: |  1  2  3  4  5  6  7 |
---------------+----------------------+-----
Spellcasting   | 2 3 |  3.5
Throwing       | 1 |  1.4
Summonings     | 5 6 |  6.0
Hexes          | 1 |  1.9
Invocations    | 1 |  1.4
Dodging        | 2 |  2.0
Fighting       | |  0.1
Stealth        | |  1.9

Action                   |  1- 3 |  4- 6 |  7- 9 || total
-------------------------+-------+-------+-------++-------
Melee: Unarmed           |    14 |    19 |     2 ||    35
Throw: Dart              |       |     3 |       ||     3
 Cast: Summon Small Mamm |    19 |     4 |     3 ||    26
       Call Imp          |    13 |    11 |     2 ||    26
       Call Canine Famil |     5 |    36 |     2 ||    43
       Summon Guardian G |       |     8 |     2 ||    10
  Use: Potion            |     1 |     3 |     2 ||     6
       Scroll            |       |     6 |       ||     6
Armor: Robe              |    17 |    10 |     9 ||    36
Dodge: Dodged            |    34 |    35 |    12 ||    81

Table legend: (Time is in decaauts)
 A = Elapsed time spent in this place.
 B = Non-inter-level travel time spent in this place.
 C = Inter-level travel time spent in this place.
 D = Time resting spent in this place.
 E = Time spent auto-exploring this place.
 F = Levels seen in this place.
 G = Mean time per level.
                   A        B        C        D        E       F      G
               +--------+--------+--------+--------+--------+-----+--------+
         Total |   6073 |   5979 |     94 |    151 |   4584 |   6 | 1012.2 |
       Dungeon |   6073 |   5979 |     94 |    151 |   4584 |   6 | 1012.2 |
               +--------+--------+--------+--------+--------+-----+--------+

Top non-repeatable levels by time:
     D:3: 1827 daAuts
     D:2: 1588 daAuts
     D:4: 1441 daAuts
     D:1: 1131 daAuts
     D:6: 54 daAuts
     D:5: 29 daAuts
